 Dungeon Crawl Stone Soup version 0.25.1-9-gc5326a611f (webtiles) character file.

Game seed: 4976018592594450825

79 cyrus the Skirmisher (level 4, 0/36 HPs)
             Began as a Minotaur Fighter on Jan 16, 2022.
             Was an Initiate of Hepliaklqana.
             Succumbed to Ijyb's poison
             ... on level 3 of the Dungeon on Jan 18, 2022.
             The game lasted 00:12:59 (1512 turns).

cyrus the Skirmisher (Minotaur Fighter)             Turns: 1512, Time: 00:13:00

Health: 0/36       AC:  8    Str: 21    XL:     4   Next: 17%
Magic:  3/3        EV:  7    Int:  6    God:    Hepliaklqana [......]
Gold:   43         SH:  9    Dex:  9    Spells: 3/3 levels left

rFire    . . .     SeeInvis .   a - +0 war axe
rCold    . . .     Gourm    .   c - +0 kite shield
rNeg     . . .     Faith    .   b - +1 scale mail
rPois    .         Spirit   .   (helmet restricted)
rElec    .         Reflect  .   (no cloak)
rCorr    .         Harm     .   (no gloves)
MR       .....                  (no boots)
Stlth    ..........             (no amulet)
HPRegen  0.12/turn              (no ring)
MPRegen  0.08/turn              (no ring)

@: lethally poisoned (0 -> -8)
A: retaliatory headbutt, reduced essence, horns 2
a: Recall Ancestor, Ancestor Identity, Renounce Religion


You were on level 3 of the Dungeon.
You worshipped Hepliaklqana.
Hepliaklqana was noncommittal.
You were hungry.

You visited 1 branch of the dungeon, and saw 3 of its levels.

You collected 43 gold pieces.

Inventory:

Hand Weapons
 a - a +0 war axe (weapon)
 g - a +0 hunting sling
 j - a +0 club
Missiles
 e - 31 bolts
 h - 26 stones (quivered)
Armour
 b - a +1 scale mail (worn)
 c - a +0 kite shield (worn)
Jewellery
 i - an uncursed amulet of the acrobat {unknown}
Potions
 d - a potion of might
Comestibles
 f - a ration


   Skills:
 + Level 4.3 Fighting
 + Level 3.6 Axes
 + Level 4.2 Armour
 + Level 0.3 Dodging
 + Level 4.2 Shields


You had 3 spell levels left.
You didn't know any spells.
Your spell library was empty.

Dungeon Overview and Level Annotations

Branches:
Dungeon (3/15)

Altars:
Fedhas
Hepliaklqana
Makhleb


Innate Abilities, Weirdness & Mutations

You reflexively headbutt those who attack you in melee.
You have a pair of horns on your head.
Your life essence is reduced to manifest your ancestor. (-10% HP)


Message History

As you read the scroll labeled NUTAER QIFIUMILAU, it crumbles to dust.
It is a scroll of enchant armour.
Your +0 scale mail glows green for a moment.
* * * LOW HITPOINT WARNING * * *
You feel sick.
* * * LOW HITPOINT WARNING * * *
You feel sick.
Found a paperback book.
You swap places.
* * * LOW HITPOINT WARNING * * *
You feel sick.
* * * LOW HITPOINT WARNING * * *
You feel sick.
* * * LOW HITPOINT WARNING * * *
You feel sick.
* * * LOW HITPOINT WARNING * * *
You feel sick.
* * * LOW HITPOINT WARNING * * *
You feel sick.
You die...

############
.#..........#
........@...#
.#..........#
:.......R...#
............####
............)..#
#..........##.#
#..........##.#
###############.#
#### ..# #.#


You could see the friendly Thulani the ancestor.

Vanquished Creatures
  Ijyb (D:3)
  3 adders
  A worm (D:2)
  2 dart slugs (D:1)
  A giant cockroach (D:1)
  5 hobgoblins
  3 kobolds
  A quokka (D:3)
  A bat (D:2)
  2 frilled lizards
  2 rats (D:2)
22 creatures vanquished.

Vanquished Creatures (collateral kills)
  A goblin (D:3)
1 creature vanquished.

Grand Total: 23 creatures vanquished

Notes
Turn   | Place    | Note
-------+----------+-------------------------------------------
     0 | D:1      | cyrus the Minotaur Fighter began the quest for the Orb.
     0 | D:1      | Reached XP level 1. HP: 19/19 MP: 0/0
   466 | D:1      | Reached XP level 2. HP: 27/27 MP: 1/1
   525 | D:2      | Found a blossoming altar of Fedhas.
   640 | D:2      | Found a burning altar of Makhleb.
   894 | D:2      | Reached XP level 3. HP: 26/33 MP: 2/2
   896 | D:2      | Found a hazy altar of Hepliaklqana.
   925 | D:2      | Became a worshipper of Hepliaklqana the Forgotten
  1489 | D:3      | Noticed Ijyb
  1497 | D:3      | Killed Ijyb
  1497 | D:3      | Reached XP level 4. HP: 21/36 MP: 3/3
  1511 | D:3      | HP: 1/36 [poisoned by Ijyb]
  1512 | D:3      | Succumbed to Ijyb's poison

Illustrated notes

Levels and vault maps discovered:
D:1:      lightli_iron_boxes, layout_basic, minmay_misc_feat_tiny
D:2:      layout_loops_ring, fedhas_altar_2, lemuel_doored_altar,
          old_standard_altar, elyvilon_altar_3
D:3:      layout_basic, uniq_ijyb

Skill      XL: |  1  2  3 |
---------------+----------+-----
Fighting       | 4 |  4.3
Armour         | 4 |  4.2
Shields        | 4 |  4.2
Axes           | 3 |  3.6
Dodging        | |  0.3

Action                   |  1- 3 |  4- 6 || total
-------------------------+-------+-------++-------
Melee: War axe           |    62 |     1 ||    63
       Headbutt          |     6 |       ||     6
  Use: Scroll            |       |     1 ||     1
  Eat: Chunk             |     1 |       ||     1
Armor: Scale mail        |    24 |       ||    24
Dodge: Dodged            |    14 |       ||    14
Block: Kite shield       |    35 |       ||    35
